 Dungeon Crawl Stone Soup version 0.19.5 (webtiles) character file.

375589 Amon001 the Imperceptible (level 21, 0/116 HPs)
             Began as a Spriggan Enchanter on Mar 27, 2017.
             Was the Champion of Dithmenos.
             Slain by a vault warden
             ... wielding a +0 halberd
              (17 damage)
             ... on level 2 of the Vaults on Mar 28, 2017.
             The game lasted 08:55:15 (56833 turns).

Amon001 the Imperceptible (Spriggan Enchanter)     Turns: 56833, Time: 08:55:16

Health: 0/116      AC: 21    Str: 14    XL:     21   Next: 79%
Magic:  20/37      EV: 31    Int: 20    God:    Dithmenos [******]
Gold:   1755       SH: 17    Dex: 27    Spells: 11 memorised, 11 levels left

rFire  + . .     SeeInvis +     E - +8 dagger of Rubbish {pierce, +Inv rN+ Str+2 Stlth+}
rCold  + . .     Gourm    .     Q - +7 fire dragon scales
rNeg   + . .     Faith    .     W - +3 buckler
rPois  +         Spirit   .     h - +2 hat
rElec  .         Reflect  +     O - +2 cloak
rCorr  .         Harm     .     (gloves unavailable)
MR     +++..                    (boots unavailable)
Stlth  ++++++++++               a - +4 amulet of reflection
                                H - ring of the Priest {+Inv rF- MR- Str+6 Dex+6}
                                V - ring "Ucwo" {rPois rC++ MR+}

@: very slightly contaminated, wreathed by umbra, studying Fighting, invisible,
very quick
A: unfitting armour, see invisible, herbivore 3, speed 3, slow metabolism 2
a: Shadow Step, Shadow Form, Renounce Religion, Turn Visible
}: 2/15 runes: decaying, serpentine


You were on level 2 of the Vaults.
You worshipped Dithmenos.
Dithmenos was exalted by your worship.
You were very hungry.

You visited 8 branches of the dungeon, and saw 37 of its levels.
You also visited: Sewer.

You collected 4833 gold pieces.
You spent 3078 gold pieces at shops.

Inventory:

Hand Weapons
 e - the +0 short sword of the Doomed Warrior {pierce, rF+}
   (You bought it in a shop on level 4 of the Dungeon)

   It inflicts extra damage upon your enemies.
   It protects you from fire.
 E - the +8 dagger of Rubbish (weapon) {pierce, +Inv rN+ Str+2 Stlth+}
   (You bought it in a shop on level 12 of the Dungeon)

   It inflicts extra damage upon your enemies.
   It affects your strength (+2).
   It protects you from negative energy.
   It lets you turn invisible.
   It makes you more stealthy.
Armour
 h - a +2 hat (worn)
 O - a +2 cloak (worn)
 Q - +7 fire dragon scales (worn)
 W - a +3 buckler (worn)
Magical Staves
 w - an uncursed staff of energy
Rods
 Z - a +4 lightning rod (14/14)
   (You took it off a deep elf annihilator on level 3 of the Elven Halls)
Jewellery
 a - a +4 amulet of reflection (around neck)
 x - the ring "Cuos" {rElec rC+ rN+}
   (You took it off a deep elf demonologist on level 3 of the Elven Halls)

   [ring of positive energy]

   It protects you from cold.
   It insulates you from electricity.
   It protects you from negative energy.
 H - the ring of the Priest (right hand) {+Inv rF- MR- Str+6 Dex+6}
   (You found it on level 11 of the Dungeon)

   [ring of dexterity]

   It affects your strength (+6).
   It affects your dexterity (+6).
   It makes you vulnerable to fire.
   It affects your resistance to hostile enchantments.
   It lets you turn invisible.
 V - the ring "Ucwo" (left hand) {rPois rC++ MR+}
   (You found it on level 6 of the Lair of Beasts)

   [ring of poison resistance]

   It greatly protects you from cold.
   It protects you from poison.
   It affects your resistance to hostile enchantments.
Wands
 q - a wand of hasting (1/9)
 B - a wand of digging (18/24)
 J - a wand of acid (5/15)
 N - a wand of iceblast (7/15)
 P - a wand of hasting (6/9)
 R - a wand of lightning (6/15)
Scrolls
 f - 15 scrolls of remove curse
 i - 7 scrolls of identify
 j - 8 scrolls of fog
 l - 8 scrolls of magic mapping
 n - 8 scrolls of fear
 r - 6 scrolls of enchant weapon
 s - 7 scrolls of teleportation
 v - 5 scrolls of recharging
 G - 3 scrolls of blinking
 S - 4 scrolls of summoning
 T - 3 scrolls of amnesia
Potions
 b - 4 potions of might
 g - 10 potions of haste
 k - a potion of resistance
 m - a potion of invisibility
 t - 6 potions of flight
 u - 2 potions of brilliance
 z - a potion of heal wounds
 F - 8 potions of curing
 U - 3 potions of berserk rage
 X - a potion of cure mutation
 Y - 7 potions of agility
Books
 A - a manual of Fighting
 K - the Papyrus of Translocation and Enhancements
   (You found it on level 3 of the Elven Halls)

   Spells                             Type                      Level
   a - Apportation                    Translocation                1
   b - Spectral Weapon                Hexes/Charms                 3
   c - Recall                         Summoning/Translocation      3
   d - Portal Projectile              Translocation                3
   e - Deflect Missiles               Charms/Air                   6
Miscellaneous
 y - a crystal ball of energy
 D - 2 phantom mirrors
 I - a phial of floods
 L - a fan of gales
 M - a disc of storms
Comestibles
 d - 18 bread rations
 p - 3 royal jellies
 C - 4 fruits


   Skills:
 * Level 14.8 Fighting
 - Level 10.0 Short Blades
   Level 2.0 Bows
 + Level 4.2 Armour
 + Level 18.0 Dodging
 + Level 26.5 Stealth
 - Level 9.0 Shields
 + Level 11.6 Spellcasting
 + Level 5.4 Conjurations
 + Level 17.5 Hexes
 + Level 6.0 Charms
 + Level 1.6 Necromancy
 + Level 6.7 Ice Magic
 + Level 9.9 Evocations


You had 11 spell levels left.
You knew the following spells:

 Your Spells              Type           Power        Failure   Level  Hunger
b - Ensorcelled Hibernat  Hex/Ice        ######       1%          2    None
c - Tukima's Dance        Hex            ######..     1%          3    None
d - Confuse               Hex            ######..     1%          3    None
e - Dazzling Spray        Conj/Hex       ######       1%          3    None
f - Regeneration          Chrm/Necr      ####......   21%         3    None
g - Gell's Gravitas       Hex/Tloc       #####.....   2%          3    None
h - Spectral Weapon       Hex/Chrm       ######..     1%          3    None
i - Yara's Violent Unrav  Hex/Tmut       #####.....   24%         5    ####...
j - Fulminant Prism       Conj/Hex       ######....   3%          4    #......
k - Sublimation of Blood  Necr           ###.......   24%         2    None
l - Apportation           Tloc           ##........   38%         1    None


Dungeon Overview and Level Annotations

Branches:
Dungeon (15/15)            Temple (0/1) D:5            Lair (6/6) D:8
  Swamp (4/4) Lair:3        Snake (4/4) Lair:2        Slime (0/5) Lair:5
    Orc (2/2) D:9             Elf (3/3) Orc:2        Vaults (2/5) D:13
 Depths (1/5) D:15
  Crypt: Vaults:2-3

Altars:
Ashenzari
Dithmenos
Fedhas
Gozag
Makhleb
Qazlal
Ru
Vehumet
Zin
Jiyva

Shops:
D:4 (   D:5 (   D:11 *   D:12 (   Orc:1 }   Orc:2 ([=*   Snake:4 [   Vaults:2 }

Portals:
Trove: Elf:2 (give 2 scrolls of acquirement)

Annotations:
D:5 claquette's ghost, novice MiBe
Snake:4 tognito's ghost, adept MiBe


Innate Abilities, Weirdness & Mutations

You are very small and have problems with some larger weapons.
You are too small for most types of armour.
You have supernaturally acute eyesight. (SInv)
You are a herbivore.
You cover ground extremely quickly.
You need consume almost no food.


Message History

The deep elf mage casts a spell at you. The magic dart hits you!
The vault warden barely misses you. You block the ogre mage's attack.
You hit the ogre.
The ogre is lightly wounded.
Your shadow hits the ogre with a dagger.
You block the ogre mage's attack.
Casting: Dazzling Spray
Confirm with . or Enter, or press ? or * to list all spells.
Aiming: Dazzling Spray
Press: ? - help, Shift-Dir - straight line, p - ogre mage The spray of energy hits the vault warden.
The vault warden is moderately wounded.
The spray of energy hits the deep elf mage.
The deep elf mage is moderately wounded.
The spray of energy hits the sphinx.
The sphinx is lightly wounded.
You block the ogre mage's attack.
The vault warden hits you from afar with a halberd!
You die...

#..J# #.#.......)(.. #...#
#.#...........
#...############.#...........
#.....*)p........#...........
#.....((.........#...........
#)...)###+#####..#...........
#(.)..#.......#..#...........
#.....#....§.§#..'...........
#.....#....§@O#((############
#.....#..)§§HO#........(.....
#..C..#..[pe§O+.(............
#.....#...§§*§+..[...........
#..)§.§§#..(...........
#...O...#.......(8..∩/.
#########..)...........
.......[...........
....((.(..(........


You could see a sphinx, a vault warden, 2 ogre magi, a deep elf mage and an
ogre.

Vanquished Creatures
  Vashnia (Snake:2)
  Jorgrun (Snake:2)
  Asterion (Snake:3)
  A deep elf master archer (Elf:3)
  A sphinx (Vaults:1)
  3 deep elf blademasters
  2 thorn hunters
  Donald (Snake:4)
  12 nagarajas
  6 deep elf sorcerers
  An orc warlord (Orc:1)
  A frost giant (Vaults:2)
  Aizul (Snake:3)
  3 vault wardens (Vaults:1)
  Louise (Snake:3)
  3 deep elf elementalists
  4 ironheart preservers
  A very ugly thing (Depths:1)
  A stone giant (Vaults:2)
  Nessos (D:12)
  8 deep elf demonologists
  5 dire elephants (Lair:6)
  6 deep elf annihilators
  8 deep elf death magi
  A fire dragon (D:15)
  4 yaktaur captains
  3 deep elf high priests
  A great orb of eyes (Vaults:2)
  4 ice dragons
  6 ogre magi
  7 rakshasas
  8 vault guards
  13 naga warriors
  2 catoblepae
  21 hydras
  A ghost crab (Swamp:3)
  Erica (D:8)
  12 anacondas
  10 centaur warriors
  5 death yaks (Lair:1)
  6 alligators
  3 tengu warriors (D:14)
  23 naga sharpshooters
  4 orc high priests (Orc:2)
  16 deep elf knights
  12 shock serpents
  5 spriggans
  Nergalle (D:11)
  5 salamander mystics
  2 shadow wraiths (Vaults:1)
  2 skeletal warriors (Vaults:1)
  A glowing orange brain (Vaults:2)
  8 naga ritualists
  An unseen horror (Vaults:1)
  3 hill giants
  3 shambling mangroves
  16 deep elf archers
  9 swamp dragons
  Pikel (D:7)
  A phantasmal warrior (Vaults:1)
  3 wolf spiders
  6 ironbrand convokers
  3 lindwurms (Swamp:4)
  A necromancer (Vaults:2)
  54 deep elf magi
  5 harpies (Vaults:1)
  16 ugly things
  9 orc knights
  7 orc sorcerers
  15 mana vipers
  An oklob plant (Lair:1)
  17 salamanders
  11 elephants
  5 cyclopes
  A salamander (shapeshifter) (Vaults:1)
  A stone giant zombie (Vaults:2)
  A centaur zombie (D:13)
  24 naga magi
  56 black mambas
  7 vault sentinels
  2 guardian serpents
  A torpor snail (Lair:1)
  A gargoyle (D:13)
  2 molten gargoyles (Lair:4)
  Psyche (D:11)
  An orc skeleton (Vaults:2)
  18 spiny frogs
  12 yaktaurs
  5 komodo dragons
  2 rime drakes
  A redback zombie (D:14)
  A komodo dragon (shapeshifter) (D:14)
  A freezing wraith (Vaults:1)
  An efreet (D:14)
  3 trolls
  A polar bear (Lair:2)
  2 tengu conjurers (D:14)
  12 two-headed ogres
  A hornet (shapeshifter) (Vaults:1)
  2 tyrant leeches (Swamp:1)
  10 hippogriffs
  12 hornets
  5 bog bodies
  27 dancing weapons
  33 slime creatures
  12 blink frogs
  A centaur simulacrum (D:13)
  7 dream sheep (Lair:6)
  A fire giant simulacrum (Vaults:2)
  A redback (shapeshifter) (Vaults:1)
  7 air elementals
  4 shadows
  6 fire elementals
  5 water elementals
  4 fire bats (Lair:1)
  A wyvern (D:13)
  A human (D:13)
  A basilisk (shapeshifter) (Elf:1)
  4 basilisks
  3 wraiths
  54 yaks
  A hungry ghost (D:7)
  23 vampire mosquitoes
  3 mottled dragons
  54 nagas
  12 swamp worms
  6 wargs
  22 water moccasins
  31 orc warriors
  7 porcupines
  4 slaves (D:7)
  A sky beast (D:14)
  2 black bears
  9 swamp drakes
  2 ice beasts
  2 eyes of draining
  4 necrophages
  A phantom (D:9)
  12 ogres
  17 wolves
  8 boggarts
  18 centaurs
  Blork the orc (D:4)
  10 crocodiles
  13 bullfrogs
  2 earth elementals
  Dowan (D:4)
  5 scorpions
  A water moccasin skeleton (D:5)
  An electric eel (Orc:2)
  14 wights
  6 crimson imps
  2 howler monkeys
  4 lava snakes (Lair:4)
  4 centaur skeletons
  5 jellies
  2 quasits
  A human simulacrum (Vaults:1)
  6 hounds
  Crazy Yiuf (D:4)
  13 orc priests
  5 iguanas
  30 orc wizards
  7 worker ants
  A hound zombie (D:9)
  16 adders
  A howler monkey skeleton (D:5)
  6 shadow imps
  5 oozes (Sewer)
  An adder zombie (D:7)
  An adder skeleton (D:5)
  23 worms
  2 dart slugs
  3 leopard geckos
  77 orcs
  4 ball pythons
  9 giant cockroaches
  8 goblins
  4 hobgoblins
  13 jackals
  11 kobolds
  4 quokkas
  9 bats
  6 frilled lizards
  A leopard gecko skeleton (D:8)
  A leopard gecko zombie (D:8)
  12 rats
  2 butterflies (Lair:4)
  4 plants
1403 creatures vanquished.

Vanquished Creatures (collateral kills)
  Gastronok (D:12)
  2 vault wardens
  3 ogre magi
  A naga warrior (Snake:1)
  3 vault guards
  2 deep elf knights (Vaults:2)
  A skeletal warrior (Vaults:1)
  2 hill giants
  A naga ritualist (Snake:2)
  A deep elf mage (Elf:1)
  An ugly thing (Vaults:1)
  A black mamba (Snake:4)
  A naga mage (Snake:4)
  A vault sentinel (Vaults:2)
  3 yaktaurs (Vaults:2)
  A queen bee (shapeshifter) (Vaults:1)
  A slime creature (Vaults:2)
  A hornet (Swamp:1)
  4 two-headed ogres
  A raiju (shapeshifter) (Vaults:1)
  A vampire (D:13)
  Edmund (D:4)
  11 nagas
  Duvessa (D:4)
  2 orc warriors
  16 ogres
  A centaur (D:13)
  3 orc wizards
  13 orcs
81 creatures vanquished.

Vanquished Creatures (others)
  A deep elf master archer (Elf:3)
  2 naga sharpshooters (Snake:2)
  A deep elf knight (Vaults:2)
  A deep elf mage (Elf:2)
  A naga mage (Snake:4)
  4 yaktaurs
  2 spriggans (Swamp:1)
  A water elemental (Depths:1)
  28 dancing weapons
  2 centaurs
  A lava snake (Lair:4)
  5 fulminant prisms
  7 fungi
  15 plants
  A spectral weapon (Swamp:1)
72 creatures vanquished.

Grand Total: 1556 creatures vanquished

Notes
Turn   | Place    | Note
-------+----------+-------------------------------------------
     0 | D:1      | Amon001 the Spriggan Enchanter began the quest for the Orb.
     0 | D:1      | Reached XP level 1. HP: 9/9 MP: 5/5
   493 | D:1      | Reached XP level 2. HP: 11/13 MP: 4/6
   504 | D:1      | Learned a level 2 spell: Ensorcelled Hibernation
  1348 | D:2      | Reached skill level 5 in Stealth
  1432 | D:2      | Reached XP level 3. HP: 14/16 MP: 5/8
  1699 | D:2      | Learned a level 3 spell: Tukima's Dance
  1968 | D:2      | Found a shadowy altar of Dithmenos.
  1968 | D:2      | Found a sacrificial altar of Ru.
  1971 | D:2      | Became a worshipper of Dithmenos the Shadowed
  2028 | D:2      | Reached XP level 4. HP: 20/21 MP: 7/9
  2536 | D:3      | Reached skill level 6 in Stealth
  2911 | D:3      | Found a glowing silver altar of Zin.
  2983 | D:3      | Reached * piety under Dithmenos
  3102 | D:3      | Found an opulent altar of Gozag.
  3445 | D:4      | Found Uxedas's Antique Weapon Emporium.
  3450 | D:4      | Reached XP level 5. HP: 24/24 MP: 8/11
  3466 | D:4      | Bought an ichor-stained short sword for 192 gold pieces
  3466 | D:4      | Identified the cursed +0 short sword of the Doomed Warrior {pierce, rF+} (You bought it in a shop on level 4 of the Dungeon)
  3502 | D:4      | Found a burning altar of Makhleb.
  3732 | D:4      | Found a runed door.
  3736 | D:4      | Noticed Crazy Yiuf
  3741 | D:4      | Killed Crazy Yiuf
  3790 | D:4      | Noticed Duvessa
  3790 | D:4      | Noticed Dowan
  3832 | D:4      | Killed Duvessa
  3832 | D:4      | Reached skill level 1 in Ice Magic
  3832 | D:4      | Reached XP level 6. HP: 29/29 MP: 1/12
  3979 | D:4      | Noticed Edmund
  3999 | D:4      | Killed Edmund
  3999 | D:4      | Reached skill level 5 in Dodging
  4092 | D:4      | Noticed Blork the orc
  4099 | D:4      | Killed Blork the orc
  4099 | D:4      | Reached skill level 7 in Stealth
  4376 | D:4      | Reached XP level 7. HP: 32/32 MP: 14/14
  4872 | D:4      | Killed Dowan
  4872 | D:4      | Reached skill level 1 in Fighting
  4894 | D:4      | Reached skill level 5 in Hexes
  4925 | D:4      | Gained mutation: Potions and wands are less effective at restoring your health. [potion of mutation]
  4925 | D:4      | Gained mutation: Your system is resistant to poisons. (rPois) [potion of mutation]
  4925 | D:4      | Gained mutation: Your mind is acute. (Int +2) [potion of mutation]
  4961 | D:5      | Entered Level 5 of the Dungeon
  4962 | D:5      | Reached ** piety under Dithmenos
  5035 | D:5      | Found Acioc's Weapon Shop.
  5068 | D:5      | Noticed claquette's ghost (novice MiBe)
  5119 | D:5      | Reached skill level 8 in Stealth
  5137 | D:5      | Found a staircase to the Ecumenical Temple.
  5692 | D:6      | Reached skill level 5 in Spellcasting
  5735 | D:6      | Found a glowing drain.
  5751 | Sewer    | Entered a sewer
  5757 | Sewer    | Reached XP level 8. HP: 37/37 MP: 16/16
  6256 | D:6      | Learned a level 3 spell: Confuse
  6260 | D:6      | Learned a level 3 spell: Dazzling Spray
  6264 | D:6      | Learned a level 3 spell: Regeneration
  6826 | D:6      | Found a faded altar of an unknown god.
  6826 | D:6      | Found a stormy altar of Qazlal.
  6831 | D:6      | Found a faded altar of an unknown god.
  6833 | D:6      | Found a faded altar of an unknown god.
  6835 | D:6      | Found a faded altar of an unknown god.
  7552 | D:7      | Reached *** piety under Dithmenos
  7906 | D:7      | Reached skill level 5 in Short Blades
  7955 | D:7      | Lost mutation: Your mind is acute. (Int +2) [potion of cure mutation]
  7955 | D:7      | Lost mutation: Your system is resistant to poisons. (rPois) [potion of cure mutation]
  8175 | D:7      | Reached XP level 9. HP: 42/42 MP: 16/20
  8214 | D:7      | Noticed Pikel
  8895 | D:7      | Killed Pikel
  8895 | D:7      | Reached skill level 1 in Bows
  9835 | D:9      | Reached XP level 10. HP: 43/49 MP: 23/23
  9969 | D:9      | Got an encrusted rapier
  9970 | D:9      | Identified the +5 rapier of the Fool {antimagic, +Fly rElec MR- Int+7} (You found it on level 9 of the Dungeon)
 10095 | D:9      | Found a staircase to the Orcish Mines.
 10364 | D:9      | Reached **** piety under Dithmenos
 11028 | D:8      | Reached skill level 5 in Fighting
 11170 | D:8      | Found a staircase to the Lair.
 11307 | D:8      | Noticed Erica
 11499 | D:8      | Killed Erica
 12918 | D:10     | Entered Level 10 of the Dungeon
 12933 | D:10     | Found a shattered altar of Ashenzari.
 13413 | D:10     | Learned a level 3 spell: Gell's Gravitas
 13450 | D:11     | Found Xuokhlued's Assorted Antiques.
 13647 | D:11     | Got a wavering bronze ring
 13650 | D:11     | Identified the ring of the Priest {+Inv rF- MR- Str+6 Dex+6} (You found it on level 11 of the Dungeon)
 13729 | D:11     | Noticed Psyche
 13733 | D:11     | Killed Psyche
 13733 | D:11     | Reached skill level 1 in Evocations
 13733 | D:11     | Reached XP level 11. HP: 54/60 MP: 13/25
 13762 | D:11     | Found a large runed door.
 13763 | D:11     | Found a large runed door.
 14086 | D:11     | Reached skill level 9 in Stealth
 14254 | D:11     | Found a blossoming altar of Fedhas.
 14269 | D:11     | Noticed Nergalle
 14298 | D:11     | Killed Nergalle
 14422 | D:11     | Noticed a hill giant
 14440 | D:11     | Killed a hill giant
 14547 | D:11     | Reached skill level 10 in Stealth
 14772 | D:12     | Noticed a cyan ugly thing
 14786 | D:12     | Killed a cyan ugly thing
 15063 | D:12     | Noticed a deep elf mage
 15067 | D:12     | Killed a deep elf mage
 15067 | D:12     | Reached skill level 11 in Stealth
 15093 | D:12     | Noticed Gastronok
 15108 | D:12     | Noticed a six-headed hydra
 15121 | D:12     | Noticed Nessos
 15128 | D:12     | Killed Nessos
 15128 | D:12     | Reached skill level 5 in Evocations
 15259 | D:12     | Reached skill level 12 in Stealth
 15397 | D:12     | Killed a six-headed hydra
 15397 | D:12     | Reached XP level 12. HP: 65/65 MP: 26/26
 15458 | D:12     | Found Bicecogegh's Antique Weapon Emporium.
 15461 | D:12     | Bought a transparent dagger for 189 gold pieces
 15461 | D:12     | Identified the +8 dagger of Rubbish {pierce, +Inv rN+ Str+2 Stlth+} (You bought it in a shop on level 12 of the Dungeon)
 15553 | D:12     | Killed Gastronok
 16107 | D:13     | Reached skill level 1 in Conjurations
 16270 | D:13     | Reached skill level 13 in Stealth
 16397 | D:13     | Noticed a vault guard
 16559 | D:13     | Noticed a vault guard
 16563 | D:13     | Noticed an ogre mage
 16565 | D:13     | Killed a vault guard
 16572 | D:13     | Killed an ogre mage
 16642 | D:13     | Reached skill level 10 in Hexes
 16899 | D:13     | Killed a vault guard
 16899 | D:13     | Reached skill level 14 in Stealth
 17031 | D:13     | Found a gate to the Vaults.
 17031 | D:13     | Noticed a vault guard
 17032 | D:13     | Noticed a vault guard
 17034 | D:13     | Killed a vault guard
 17052 | D:13     | Killed a vault guard
 18103 | Lair:1   | Entered Level 1 of the Lair of Beasts
 18135 | Lair:1   | Reached XP level 13. HP: 69/69 MP: 20/27
 18276 | Lair:1   | Found a blossoming altar of Fedhas.
 19001 | Lair:1   | Learned a level 3 spell: Spectral Weapon
 19144 | Lair:1   | Reached skill level 15 in Stealth
 19391 | Lair:1   | Reached skill level 10 in Dodging
 19709 | Lair:2   | Found a staircase to the Snake Pit.
 20753 | Lair:2   | Reached skill level 16 in Stealth
 20760 | Lair:2   | Reached ***** piety under Dithmenos
 21403 | Lair:3   | Found a staircase to the Swamp.
 21700 | Lair:3   | Reached skill level 10 in Short Blades
 22395 | Lair:4   | Reached XP level 14. HP: 59/75 MP: 10/28
 22522 | Lair:4   | Reached skill level 1 in Shields
 22565 | Lair:4   | Found a sacrificial altar of Ru.
 23158 | Lair:5   | Found a viscous altar of Jiyva.
 23158 | Lair:5   | Found a staircase to the Slime Pits.
 23266 | Lair:5   | Reached skill level 17 in Stealth
 23745 | Lair:6   | Entered Level 6 of the Lair of Beasts
 23812 | Lair:6   | Reached ****** piety under Dithmenos
 23848 | Lair:6   | Got a flickering steel ring
 23850 | Lair:6   | Identified the ring "Ucwo" {rPois rC++ MR+} (You found it on level 6 of the Lair of Beasts)
 24777 | Lair:6   | Reached skill level 5 in Ice Magic
 24998 | Lair:6   | Reached skill level 18 in Stealth
 25267 | Lair:6   | HP: 3/76 [dire elephant (38)]
 25366 | Lair:6   | Identified Kikubaaqudgha's Handbook of Necromancy
 25397 | Lair:6   | Learned a level 5 spell: Yara's Violent Unravelling
 25608 | Lair:6   | Reached skill level 10 in Fighting
 25961 | Orc:1    | Entered Level 1 of the Orcish Mines
 26201 | Orc:1    | Found Kytri's Gadget Emporium.
 26570 | Orc:2    | Entered Level 2 of the Orcish Mines
 26607 | Orc:2    | Found Bahidoz's Antique Weapon Shop.
 26926 | Orc:2    | Found Lyerok's Antique Armour Shop.
 26937 | Orc:2    | Reached XP level 15. HP: 80/80 MP: 25/29
 26966 | Orc:2    | Found Archar's Jewellery Shop.
 27223 | Orc:2    | Noticed an orc warlord
 27603 | Orc:1    | Killed an orc warlord
 28123 | Orc:2    | Found Meastrurgh's General Store.
 28161 | Orc:2    | Found a staircase to the Elven Halls.
 28260 | Orc:2    | Bought a +4 amulet of reflection for 350 gold pieces
 28359 | Lair:2   | Reached skill level 19 in Stealth
 28391 | Snake:1  | Entered Level 1 of the Snake Pit
 29509 | Snake:1  | Reached skill level 1 in Charms
 29788 | Snake:1  | HP: 2/81 [naga sharpshooter/arrow (10)]
 29790 | Snake:2  | Noticed a nagaraja
 29791 | Snake:2  | Killed a nagaraja
 30597 | Snake:2  | Reached skill level 1 in Necromancy
 30755 | Snake:2  | Noticed a nagaraja
 30763 | Snake:2  | Killed a nagaraja
 30798 | Snake:2  | Reached skill level 5 in Shields
 31177 | Snake:2  | Reached skill level 20 in Stealth
 31200 | Snake:2  | Noticed a nagaraja
 31217 | Snake:2  | Killed a nagaraja
 31217 | Snake:2  | Reached XP level 16. HP: 86/86 MP: 30/30
 31301 | Snake:2  | Noticed Vashnia
 31302 | Snake:2  | Noticed Jorgrun
 31303 | Snake:2  | Killed Vashnia
 31392 | Snake:2  | Reached skill level 5 in Charms
 31596 | Snake:2  | Killed Jorgrun
 31900 | Swamp:1  | Entered Level 1 of the Swamp
 31913 | Swamp:1  | Reached skill level 21 in Stealth
 31953 | Swamp:1  | Learned a level 4 spell: Fulminant Prism
 34049 | Swamp:3  | Noticed a thorn hunter
 34083 | Swamp:3  | Killed a thorn hunter
 34717 | Swamp:4  | Entered Level 4 of the Swamp
 34821 | Swamp:4  | Noticed a thorn hunter
 34826 | Swamp:4  | Killed a thorn hunter
 34826 | Swamp:4  | Reached XP level 17. HP: 91/91 MP: 26/31
 34896 | Swamp:4  | Reached skill level 15 in Dodging
 34896 | Swamp:4  | Reached skill level 22 in Stealth
 34961 | Swamp:4  | Got a decaying rune of Zot
 35925 | Snake:3  | Noticed Asterion
 35927 | Snake:3  | Killed Asterion
 35973 | Snake:3  | Noticed Louise
 35980 | Snake:3  | Killed Louise
 36449 | Snake:3  | Lost mutation: Potions and wands are less effective at restoring your health. [potion of cure mutation]
 36723 | Snake:3  | Noticed Aizul
 37229 | Snake:3  | Killed Aizul
 37673 | Snake:3  | Reached skill level 23 in Stealth
 38202 | Snake:4  | Entered Level 4 of the Snake Pit
 38218 | Snake:4  | Noticed Donald
 38222 | Snake:4  | Killed Donald
 38536 | Snake:4  | Found Xuacabov's Antique Armour Boutique.
 38562 | Snake:4  | Identified a scroll of acquirement
 38563 | Snake:4  | Got a heavily runed buckler
 38581 | Snake:4  | Identified the +0 buckler "Neocloak" {Dex+2} (You acquired it on level 4 of the Snake Pit)
 38931 | Snake:4  | Found a radiant altar of Vehumet.
 39380 | Snake:4  | Reached XP level 18. HP: 79/98 MP: 32/32
 40032 | Snake:4  | Noticed tognito's ghost (adept MiBe)
 41201 | Snake:4  | Learned a level 2 spell: Sublimation of Blood
 41580 | Snake:4  | Reached skill level 15 in Hexes
 41954 | Snake:4  | Got a serpentine rune of Zot
 42232 | Orc:2    | Bought fire dragon scales for 2160 gold pieces
 42291 | Elf:1    | Entered Level 1 of the Elven Halls
 43833 | Elf:2    | Reached skill level 1 in Armour
 43833 | Elf:2    | Reached XP level 19. HP: 102/102 MP: 33/33
 44393 | Elf:2    | Found a huge runed gate.
 44393 | Elf:2    | Found a huge runed gate.
 44393 | Elf:2    | Found a huge runed gate.
 44394 | Elf:2    | Found a huge runed gate.
 44395 | Elf:2    | Found a huge runed gate.
 44642 | Elf:2    | Found a portal to a secret trove of treasure.
 44840 | Elf:2    | Reached skill level 24 in Stealth
 46206 | Elf:2    | Reached XP level 20. HP: 102/108 MP: 11/34
 46579 | Elf:3    | Entered Level 3 of the Elven Halls
 48775 | Elf:3    | Reached skill level 5 in Conjurations
 49896 | Elf:3    | Got a sparkling iron amulet
 49903 | Elf:3    | Identified the amulet "Fybaoffy" {Gourm Int+3 Dex+2 Stlth-} (You took it off a deep elf annihilator on level 3 of the Elven Halls)
 50020 | Elf:3    | Got a coiled copper ring
 50156 | Elf:3    | Identified the Papyrus of Translocation and Enhancements
 50160 | Elf:3    | Learned a level 1 spell: Apportation
 50166 | Elf:3    | Identified the ring "Cuos" {rElec rC+ rN+} (You took it off a deep elf demonologist on level 3 of the Elven Halls)
 51131 | D:14     | Reached skill level 25 in Stealth
 51900 | D:15     | Entered Level 15 of the Dungeon
 52381 | D:15     | Found a staircase to the Depths.
 52592 | Depths:1 | Entered Level 1 of the Depths
 52830 | Vaults:1 | Entered Level 1 of the Vaults
 53187 | Vaults:1 | Reached XP level 21. HP: 98/114 MP: 16/35
 53539 | Vaults:1 | Reached skill level 10 in Spellcasting
 54472 | Vaults:1 | Reached skill level 26 in Stealth
 56338 | Vaults:2 | Found Loohecow's Gadget Shoppe.
 56446 | Vaults:2 | Bought a wand of iceblast (7/15) for 187 gold pieces
 56833 | Vaults:2 | Slain by a vault warden

Skill      XL: |  1  2  3  4  5  6  7  8  9 10 11 12 13 14 15 16 17 18 19 20 21 |
---------------+----------------------------------------------------------------+-----
Spellcasting   | 3 4 5 6 8 9 11 | 11.6
Stealth        | 5 6 7 8 12 14 16 18 20 21 23 24 25 26 | 26.5
Hexes          | 4 5 6 8 10 11 12 13 14 15 16 17 | 17.5
Dodging        | 4 5 6 8 9 10 12 13 14 15 16 17 18 | 18.0
Short Blades   | 2 3 5 6 8 10 | 10.0
Ice Magic      | 1 2 3 4 5 6 |  6.7
Fighting       | 1 3 8 9 10 11 12 13 14 | 14.8
Bows           | 2 |  2.0
Evocations     | 1 5 8 9 |  9.9
Conjurations   | 1 2 3 4 5 |  5.4
Shields        | 3 5 6 8 9 |  9.0
Charms         | 4 6 |  6.0
Necromancy     | 1 |  1.6
Armour         | 1 2 4 |  4.2

Action                   |  1- 3 |  4- 6 |  7- 9 | 10-12 | 13-15 | 16-18 | 19-21 || total
-------------------------+-------+-------+-------+-------+-------+-------+-------++-------
Melee: Dagger            |    60 |   160 |       |   116 |   920 |   937 |  1033 ||  3226
       Short sword       |       |    28 |   385 |   542 |       |       |       ||   955
       Rapier            |       |       |       |       |     7 |     1 |       ||     8
 Fire: Shortbow          |       |       |     7 |     2 |     9 |       |       ||    18
 Cast: Corona            |     5 |     2 |       |       |       |       |       ||     7
       Ensorcelled Hiber |    18 |    14 |    72 |    99 |   189 |   132 |   138 ||   662
       Tukima's Dance    |       |     4 |    17 |    51 |    41 |    76 |    78 ||   267
       Dazzling Spray    |       |       |     9 |    43 |    53 |   161 |   244 ||   510
       Confuse           |       |       |    15 |    32 |    14 |     9 |     5 ||    75
       Gell's Gravitas   |       |       |       |    11 |     2 |       |       ||    13
       Regeneration      |       |       |       |     5 |    12 |     1 |       ||    18
       Yara's Violent Un |       |       |       |       |     2 |       |       ||     2
       Spectral Weapon   |       |       |       |       |       |     2 |       ||     2
       Sublimation of Bl |       |       |       |       |       |     5 |       ||     5
       Fulminant Prism   |       |       |       |       |       |     2 |     3 ||     5
Invok: Shadow Step       |       |       |     2 |     9 |     8 |     5 |     1 ||    25
 Abil: Evoke Invisibilit |       |       |       |     1 |    14 |     3 |     1 ||    19
Evoke: Wand              |       |       |     3 |       |     9 |       |     2 ||    14
       Fan of gales      |       |       |       |     1 |       |       |     2 ||     3
       Phial of floods   |       |       |       |       |     1 |     1 |     1 ||     3
       Rod               |       |       |       |       |       |       |     4 ||     4
       Disc of storms    |       |       |       |       |       |       |     1 ||     1
  Use: Potion            |     1 |     1 |     5 |     1 |     3 |     4 |     2 ||    17
       Scroll            |       |     8 |    16 |     5 |     8 |    17 |    16 ||    70
 Stab: Sleeping          |    18 |    22 |    64 |    84 |   231 |   152 |   175 ||   746
       Confused          |       |       |     5 |    17 |     4 |     4 |     2 ||    32
       Invisible         |       |       |       |     9 |    46 |    57 |    41 ||   153
       Distracted        |       |       |       |     7 |    13 |    29 |    44 ||    93
  Eat: Fruit             |       |     2 |     6 |       |    20 |     9 |     4 ||    41
       Pizza             |       |     1 |       |     3 |       |     3 |     7 ||    14
       Bread ration      |       |       |       |     1 |       |       |       ||     1
Armor: Robe              |    11 |    15 |    33 |    34 |    18 |    19 |       ||   130
       Swamp dragon scal |       |       |       |       |       |     1 |       ||     1
       Fire dragon scale |       |       |       |       |       |     3 |    94 ||    97
Dodge: Dodged            |    59 |   165 |   380 |   482 |   490 |   478 |   511 ||  2565
Block: Buckler           |       |       |       |       |   211 |   527 |   668 ||  1406
       Reflection        |       |       |       |       |    13 |    75 |    68 ||   156
